[Event "Late-Titled-Tuesday-Blitz-January-16-2024"]
[Site "Chess.com"]
[Date "2024.01.16"]
[Round "10"]
[White "Nf3c5"]
[Black "Atousa"]
[Result "0-1"]
[WhiteElo "2552"]
[BlackElo "2478"]
[TimeControl "180+1"]
[EndTime "15:58:20 PST"]
[Termination "Atousa won on time"]

1. e4 e5 2. Nf3 Nc6 3. g3 Nf6 4. d3 Bc5 5. Bg2 d6 6. c3 O-O 7.
O-O a5 8. a4 Re8 9. Nbd2 Ba7 10. h3 Be6 11. Ng5 Bd7 12. Qb3 Rf8 13. Nc4 Nh5 14.
Kh2 h6 15. Nf3 Qc8 16. Be3 Kh8 17. Bxa7 Rxa7 18. Ne3 Be6 19. Qc2 Ne7 20. d4 Ng6 21. Qd1 Nf6 22. Nd2 Ra8 23. f4 exf4 24. gxf4 Nh4 25.
f5 Nxg2 26. Kxg2 Bd7 27. Ng4 Qd8 28. Nxf6 Qxf6 29. Qg4 Rfe8 30. Rae1 Bc6 31. Kh2 Bxa4 32.
Rg1 Bd7 33. Qh5 d5 34. e5 Qxf5 35. Qh4 Ra6 36. Ref1 Qc2 37. Rf2 Rg6 38. Nf3 Qd3 39.
Rg3 Rxg3 40. Qxg3 Re6 41. Qf4 Be8 42. Nh4 Qe4 43. Qg3 a4 44. Rf4 Qc2+ 45. Rf2 Qb1 46.
Rg2 Qh7 47. Nf5 Rg6 48. Qf2 Rxg2+ 49. Kxg2 Bd7 50. Ne3 Qe4+ 51. Kh2 Kg8 52. Nf1 Qf5 53. Qg2 b5 54. Ng3 Qe6 55. Qf1 c6 56. Nh5 Qg6 57. Qf3 Qc2+ 58. Kg3 Qxb2 59. Nxg7 Qc2 60. Nh5 Qg6+ 61.
Kh2 Bf5 62. Nf6+ Kf8 63. Ng4 Bxg4 64. hxg4 a3 65. c4 a2 66. Qa3+ Kg7 67. Qxa2 Qxg4 68.
cxd5 Qf4+ 69. Kg2 Qe4+ 70. Kh2 Qxd5 71. Qf2 Qe6 72. Qg3+ Qg6 73. Qf4 Qh5+ 74. Kg3 Qg5+ 75. Kf3 Qxf4+ 76. Kxf4 h5 77. Kg5 b4 78. Kf5 b3 79. e6 fxe6+ 80. Kxe6 b2 81. Kd6 b1=Q 82. d5 cxd5 0-1

[Event "Late-Titled-Tuesday-Blitz-January-16-2024"]
[Site "Chess.com"]
[Date "2024.01.16"]
[Round "10"]
[White "Gryffindorac8"]
[Black "WPWPWP-2015"]
[Result "1-0"]
[WhiteElo "2413"]
[BlackElo "2539"]
[TimeControl "180+1"]
[EndTime "15:58:21 PST"]
[Termination "Gryffindorac8 won by checkmate"]

1. d4 Nf6 2. c4 e6 3. Nf3 b6 4. g3 Ba6 5. Qc2 Bb7 6. Bg2 Be7 7. O-O O-O 8. Nc3 d5 9. cxd5 exd5 10. Bf4 a6 11.
Rfd1 Nbd7 12. Rac1 Rc8 13. Ne5 Re8 14. e4 Nf8 15. exd5 Nxd5 16. Nxd5 Bxd5 17. Nc6 Qd7 18. Bxd5 Qxd5 19. Nxe7+ Rxe7 20. Qc4 Qxc4 21. Rxc4 Ne6 22. Be3 Rd7 23. d5 Rcd8 24. Bf4 g5 25. Be5 Rxd5 26.
Rxd5 Rxd5 27. Bxc7 b5 28. Rc1 f6 29. Ba5 Nd4 30. Kf1 Nf3 31. Bc3 Kf7 32. Kg2 g4 33. h3 h5 34. hxg4 hxg4 35. Rh1 Kg6 36. Rh8 Rd1 37.
Rh1 Rxh1 38. Kxh1 Kf5 39. Kg2 Ke6 40. Kf1 f5 41. Ke2 Kd5 42. Ke3 Ke6 43. Kf4 Ng1 44. Ke3 Nf3 45. Kf4 Ng1 46. Ke3 Kf7 47. Kd4 Nf3+ 48. Kc5 Ke6 49. Kb6 Kd5 50. Kxa6 Kc6 51. Ka5 Ng5 52. Kb4 Ne4 53. Bd4 Nd6 54. b3 Kd5 55.
Be3 Kc6 56. a4 bxa4 57. bxa4 Ne4 58. Kc4 Nf6 59. Kd4 Nd7 60. a5 Kb5 61. Kd5 Kxa5 62. Ke6 f4 63. Kxd7 fxe3 64. fxe3 Kb5 65. Ke6 Kc4 66.
Kf5 Kd3 67. Kxg4 Kxe3 68. Kf5 Kf3 69. g4 Ke3 70. g5 Kd4 71. g6 Ke3 72. g7 Kf3 73.
g8=Q Ke3 74. Qg4 Kf2 75. Qh3 Kg1 76. Ke4 Kf2 77. Qh2+ Kf1 78. Ke3 Ke1 79. Qe2# 1-0

[Event "Late-Titled-Tuesday-Blitz-January-16-2024"]
[Site "Chess.com"]
[Date "2024.01.16"]
[Round "10"]
[White "Cambek64"]
[Black "nindjaxx8"]
[Result "1/2-1/2"]
[WhiteElo "2476"]
[BlackElo "2562"]
[TimeControl "180+1"]
[EndTime "15:58:23 PST"]
[Termination "Game drawn by repetition"]

1. b3 d5 2. Bb2 Nf6 3. e3 e6 4. f4 Be7 5. Nf3 O-O 6. Bd3 b6 7. Ne5 Bb7 8. Qf3 Nbd7 9. Qh3 Ne4 10. Nc3 Nxe5 11. fxe5 Bh4+ 12. g3 Bg5 13. O-O-O h6 14.
Rhf1 a5 15. a4 c5 16. Bxe4 dxe4 17. Qg4 c4 18. h4 Be7 19. Nxe4 Bxe4 20. Qxe4 cxb3 21.
cxb3 Rc8+ 22. Kb1 Qd7 23. d4 b5 24. d5 bxa4 25. d6 Bd8 26. Qxa4 Qa7 27. Bd4 Qb7 28. Rc1 Qe4+ 29. Ka1 Rb8 30. Rc4 Qd3 31. Rb1 Bb6 32. Qc6 Bxd4+ 33. Rxd4 Qxe3 34. Qc4 Rfc8 35. Qd3 Qxe5 36. d7 Rd8 37. Ka2 Rb7 38. Rc1 Rbb8 39. Rc6 Qf6 40. h5 Qe7 41. g4 a4 42.
bxa4 e5 43. Qe4 Rxd7 44. Rxd7 Qxd7 45. Qc4 Qd2+ 46. Qc2 Qd7 47. Qc4 Qb7 48. Qc2 e4 49. Rc5 e3 50. Rb5 Qa7 51. Rxb8+ Qxb8 52. Qe4 Qa7 53.
Kb3 Kf8 54. Kc2 Qc7+ 55. Kd3 Qa7 56. Qxe3 Qxa4 57. Qc5+ Ke8 58. Qe5+ Kf8 59. Qb8+ Ke7 60. Qe5+ Kf8 61. Qd6+ Ke8 62. Qe5+ Kd7 63. Qxg7 Qb5+ 64. Ke4 Qc6+ 65. Kf4 Ke7 66. Qe5+ Kf8 67. Qe4 Qd6+ 68. Qe5 Qc6 69. Kg3 Kg8 70. Qf4 Qc3+ 71. Kh4 Kg7 72. g5 hxg5+ 73. Qxg5+ Kh7 74. Qf5+ Kg7 75. Qg5+ Kh7 76.
Qf5+ Kg7 77. Qg5+ 1/2-1/2

[Event "Late-Titled-Tuesday-Blitz-January-16-2024"]
[Site "Chess.com"]
[Date "2024.01.16"]
[Round "10"]
[White "Navyblue1"]
[Black "smotherhubbard"]
[Result "1/2-1/2"]
[WhiteElo "2176"]
[BlackElo "2309"]
[TimeControl "180+1"]
[EndTime "15:59:10 PST"]
[Termination "Game drawn - insufficient material"]

1. d4 Nf6 2. c4 e6 3. Nf3 b6 4. Nc3 Bb4 5. Bd2 Bb7 6. g3 c5 7. dxc5 bxc5 8. Bg2 Nc6 9. O-O O-O 10. a3 Ba5 11.
Nb5 d5 12. cxd5 exd5 13. Rc1 Bb6 14. Re1 Ne4 15. Qc2 Ba6 16. Nc3 Nxd2 17. Qxd2 Bc4 18. Red1 Bb3 19. Rf1 Re8 20. Qg5 h6 21. Qxd8 Raxd8 22.
e3 Na5 23. Nd2 d4 24. exd4 cxd4 25. Nce4 Bd5 26. Rfe1 Nb7 27. b4 a5 28. Rb1 a4 29.
Rec1 f5 30. Nc5 Bxg2 31. Kxg2 Nd6 32. Nc4 Bc7 33. Nxd6 Bxd6 34. Rd1 Bc7 35. Rbc1 Bb8 36. Rc4 Be5 37. Nd3 Bf6 38. Nc5 Re2 39. Rd3 f4 40. Kf3 Ra2 41. gxf4 Rf8 42. Kg2 Rf7 43. Rg3 Kh7 44.
Rf3 Be7 45. f5 Bd6 46. h3 g6 47. Rxd4 Bxc5 48. bxc5 Rxf5 49. Rxf5 gxf5 50. Rxa4 Kg6 51. Ra6+ Kg5 52. Ra4 Rc2 53. Ra5 Kf4 54. a4 Rc4 55.
Rb5 Rxa4 56. Rb6 Rc4 57. Rxh6 Rxc5 58. Rh4+ Kg5 59. Rb4 Kg6 60. h4 Rc3 61. f3 Kh5 62.
Kg3 Kg6 63. Rf4 Rc6 64. Rd4 Kf6 65. Rd8 Ke5 66. Rg8 Kf6 67. h5 Rc1 68. Rg6+ Kf7 69.
Kf4 Rc5 70. Kg5 f4+ 71. Kg4 Rc4 72. Rg5 Kf6 73. Rf5+ Ke6 74. Rxf4 Rc1 75. Re4+ Kf6 76. Kf4 Kg7 77. Re5 Kf6 78. Rf5+ Ke6 79. Ra5 Rg1 80. Ke4 Kf6 81. f4 Re1+ 82. Kf3 Rh1 83. Kg2 Rh4 84. Kg3 Rh1 85. Ra6+ Kg7 86. Kg4 Rg1+ 87.
Kf5 Rh1 88. h6+ Kh7 89. Kg5 Rg1+ 90. Kf5 Rh1 91. Rg6 Rc1 92. Re6 Rc5+ 93. Kg4 Rc1 94. f5 Rg1+ 95. Kf4 Rf1+ 96. Ke5 Re1+ 97. Kd6 Rd1+ 98.
Ke7 Rf1 99. Rf6 Re1+ 100. Re6 Rf1 101. f6 Kxh6 102. f7+ Kg7 103. f8=Q+ Rxf8 104. Rg6+ Kxg6 105. Kxf8 1/2-1/2

[Event "Late-Titled-Tuesday-Blitz-January-16-2024"]
[Site "Chess.com"]
[Date "2024.01.16"]
[Round "11"]
[White "Akhayan"]
[Black "secretsuperstar7"]
[Result "0-1"]
[WhiteElo "2353"]
[BlackElo "2501"]
[TimeControl "180+1"]
[EndTime "16:02:22 PST"]
[Termination "secretsuperstar7 won by resignation"]

1. e4 c5 2. Nf3 d6 3. d4 cxd4 4. Nxd4 Nf6 5. Nc3 Nc6 6. Bc4 e6 7. Bb3 Be7 8. Be3 a6 9. Qe2 Bd7 10. O-O-O b5 11. Rhg1 Na5 12. g4 O-O 13. g5 Ne8 14.
Rg3 Nxb3+ 15. axb3 b4 16. Qh5 bxc3 17. Rh3 h6 18. gxh6 g6 19. h7+ Kh8 20. Qh6 cxb2+ 21. Kxb2 Ng7 22. f4 e5 23. Nf5 Bxf5 24. exf5 Nxf5 0-1

[Event "Late-Titled-Tuesday-Blitz-January-16-2024"]
[Site "Chess.com"]
[Date "2024.01.16"]
[Round "11"]
[White "Petukhov_Dmitry"]
[Black "GianmarcoVaR"]
[Result "0-1"]
[WhiteElo "2551"]
[BlackElo "2733"]
[TimeControl "180+1"]
[EndTime "16:02:26 PST"]
[Termination "GianmarcoVaR won by resignation"]

1. e4 c6 2. d4 d5 3. Nd2 dxe4 4. Nxe4 Nf6 5. Nxf6+ exf6 6. c3 Bd6 7. Bd3 O-O 8.
Qh5 g6 9. Qh4 f5 10. Bg5 Re8+ 11. Ne2 Be7 12. Bxe7 Qxe7 13. Qxe7 Rxe7 14. Kd2 Nd7 15.
Rhe1 Nf6 16. f3 Be6 17. Nf4 Rae8 18. b3 g5 19. Nxe6 fxe6 20. Re5 Nd7 21. Re2 Kf7 22.
Rae1 Kf6 23. b4 e5 24. dxe5+ Nxe5 25. Kc2 Rd8 26. g4 Rxd3 27. Rxe5 Rxe5 28. Rxe5 Rxc3+ 29. Kxc3 Kxe5 0-1

[Event "Late-Titled-Tuesday-Blitz-January-16-2024"]
[Site "Chess.com"]
[Date "2024.01.16"]
[Round "11"]
[White "GiorgianBarbosa"]
[Black "GMCorinnaKopff"]
[Result "0-1"]
[WhiteElo "2447"]
[BlackElo "2343"]
[TimeControl "180+1"]
[EndTime "16:02:47 PST"]
[Termination "GMCorinnaKopff won by resignation"]

1. e4 c5 2. Nf3 e6 3. b3 b6 4. Bb2 Bb7 5. e5 d5 6. Na3 Nc6 7. d4 cxd4 8. Nxd4 Nge7 9. Nab5 Ng6 10. Nd6+ Bxd6 11. exd6 Qxd6 12. Nxc6 Bxc6 13. Bxg7 Rg8 14. Bb2 O-O-O 15. Ba6+ Kb8 16. g3 d4 17. O-O Nh4 18. f3 Rxg3+ 19. Kf2 Rxf3+ 20. Ke2 Qxh2+ 21. Ke1 Ng2+ 22. Kd2 Ne3+ 23. Qe2 Nxf1+ 24. Rxf1 Qxe2+ 25. Bxe2 Rxf1 26. Bxf1 e5 0-1

[Event "Late-Titled-Tuesday-Blitz-January-16-2024"]
[Site "Chess.com"]
[Date "2024.01.16"]
[Round "11"]
[White "Mikhail_Golubev"]
[Black "jinxy2009"]
[Result "1-0"]
[WhiteElo "2485"]
[BlackElo "2234"]
[TimeControl "180+1"]
[EndTime "16:02:48 PST"]
[Termination "Mikhail_Golubev won by resignation"]

1. d4 d5 2. c4 e6 3. Nc3 Nf6 4. Nf3 Be7 5. g3 O-O 6. Bg2 c6 7. Qb3 a6 8. O-O b5 9. cxd5 cxd5 10. Ne5 Qc7 11. Bf4 Bd6 12. Rfc1 Qe7 13. e4 Bb7 14. exd5 Nxd5 15. Nxd5 exd5 16. Bxd5 Bxd5 17. Qxd5 Ra7 18. Nc6 Nxc6 19. Bxd6 Qd7 20. Qxc6 1-0

[Event "Late-Titled-Tuesday-Blitz-January-16-2024"]
[Site "Chess.com"]
[Date "2024.01.16"]
[Round "11"]
[White "cassoulet"]
[Black "j_coca"]
[Result "0-1"]
[WhiteElo "2739"]
[BlackElo "2542"]
[TimeControl "180+1"]
[EndTime "16:03:36 PST"]
[Termination "j_coca won by checkmate"]

1. e4 g6 2. Nc3 Bg7 3. h4 h6 4. Bc4 c6 5. d4 d6 6. Qf3 e6 7.
Nge2 Nd7 8. Bf4 Qe7 9. Qg3 e5 10. dxe5 dxe5 11. Be3 Ngf6 12. O-O-O Nh5 13. Qh2 O-O 14.
g4 Nhf6 15. g5 Nh5 16. gxh6 Bf6 17. Ng3 Nf4 18. h5 Kh7 19. Rhg1 Nb6 20. Bb3 g5 21. f3 Be6 22. Nge2 Rfd8 23. Nxf4 exf4 24. Bf2 Bxc3 25. bxc3 Qa3+ 26. Kb1 Na4 27. Bxa4 Qxa2+ 28. Kc1 Qa1# 0-1

[Event "Late-Titled-Tuesday-Blitz-January-16-2024"]
[Site "Chess.com"]
[Date "2024.01.16"]
[Round "11"]
[White "BogdanDeac"]
[Black "iwanyu"]
[Result "1/2-1/2"]
[WhiteElo "3003"]
[BlackElo "2685"]
[TimeControl "180+1"]
[EndTime "16:03:46 PST"]
[Termination "Game drawn by repetition"]

1. e4 c5 2. Nf3 a6 3. g3 Nc6 4. Bg2 e5 5. c3 d5 6. exd5 Qxd5 7. O-O e4 8. Re1 Be7 9. c4 Qd8 10. Rxe4 Nf6 11. Re1 O-O 12. Ne5 Nxe5 13. Rxe5 Ng4 14. Re1 Bf6 15. Nc3 Bd4 16. Rf1 Nxf2 17. Rxf2 Bxf2+ 18.
Kxf2 Qd4+ 19. Kf1 Bf5 20. Bf3 Bh3+ 21. Bg2 Bf5 22. Bf3 Bh3+ 23. Bg2 Bf5 1/2-1/2

[Event "Late-Titled-Tuesday-Blitz-January-16-2024"]
[Site "Chess.com"]
[Date "2024.01.16"]
[Round "11"]
[White "masnyszachistaaa"]
[Black "brm72"]
[Result "0-1"]
[WhiteElo "2518"]
[BlackElo "2687"]
[TimeControl "180+1"]
[EndTime "16:04:08 PST"]
[Termination "brm72 won on time"]

1. e4 c5 2. c3 d5 3. exd5 Qxd5 4.
d4 Nc6 5. Nf3 Bf5 6. Na3 Nf6 7.
Nb5 O-O-O 8. Be3 a6 9. c4 Qd7 10. Ne5 Nxe5 11. dxe5 Qxd1+ 12. Rxd1 Rxd1+ 13. Kxd1 Ng4 14. Nc3 e6 15. Na4 Nxe3+ 16. fxe3 Be7 17. Be2 Rd8+ 18. Ke1 Bg5 19. Nxc5 Bxe3 20. Nb3 Bf4 21. g3 Bxe5 22. Kf2 Bxb2 23. Re1 Bc3 24. Rf1 Bb4 0-1

[Event "Late-Titled-Tuesday-Blitz-January-16-2024"]
[Site "Chess.com"]
[Date "2024.01.16"]
[Round "11"]
[White "OYAcosta"]
[Black "IranianCheetah"]
[Result "1-0"]
[WhiteElo "2167"]
[BlackElo "2348"]
[TimeControl "180+1"]
[EndTime "16:04:10 PST"]
[Termination "OYAcosta won by checkmate"]

1. d4 d5 2. Nf3 Nf6 3. Bf4 c5 4. e3 Nc6 5. Nbd2 e6 6. c3 Be7 7.
Bd3 O-O 8. h4 cxd4 9. exd4 b6 10. Ne5 Nxe5 11. dxe5 Nd7 12. Bxh7+ Kxh7 13. Qh5+ Kg8 14.
Nf3 f6 15. Ng5 fxg5 16. hxg5 Bxg5 17. Bxg5 Qc7 18. f4 Qc4 19. O-O-O Ba6 20. Qg6 Rae8 21.
Rh7 Rf7 22. Rdh1 Kf8 23. Rh8# 1-0

[Event "Late-Titled-Tuesday-Blitz-January-16-2024"]
[Site "Chess.com"]
[Date "2024.01.16"]
[Round "11"]
[White "wanyaland"]
[Black "DraningWaterHi"]
[Result "0-1"]
[WhiteElo "2457"]
[BlackElo "2267"]
[TimeControl "180+1"]
[EndTime "16:04:18 PST"]
[Termination "DraningWaterHi won by resignation"]

1. d4 Nf6 2. c4 g6 3. Nc3 Bg7 4.
e4 d6 5. f3 O-O 6. Nge2 c5 7. Be3 Nc6 8. Qd2 Qa5 9. h4 h5 10.
O-O-O Bd7 11. Kb1 Rfd8 12. d5 Ne5 13. Nc1 a6 14. Be2 b5 15. cxb5 axb5 16. Nb3 Qa7 17. f4 Neg4 18. e5 b4 19. exf6 bxc3 20. bxc3 Bxf6 21. Bg1 Bf5+ 22. Kc1 Qa3+ 23. Qb2 Qxa2 24.
Bxg4 hxg4 25. Rd2 Qxb2+ 26. Rxb2 Bxc3 27. Re2 Rdb8 0-1

[Event "Late-Titled-Tuesday-Blitz-January-16-2024"]
[Site "Chess.com"]
[Date "2024.01.16"]
[Round "11"]
[White "SergioMoralesG"]
[Black "ozates"]
[Result "0-1"]
[WhiteElo "2465"]
[BlackElo "2593"]
[TimeControl "180+1"]
[EndTime "16:04:22 PST"]
[Termination "ozates won by resignation"]

1. d4 Nf6 2. c4 g6 3. Nc3 Bg7 4. e4 d6 5. Nf3 O-O 6. Be2 Nbd7 7. O-O e5 8. Be3 Qe7 9. d5 a5 10. a3 Nc5 11. Nd2 Bd7 12. b4 Na6 13. Qb3 Ng4 14.
Bxg4 Bxg4 15. c5 f5 16. cxd6 cxd6 17. f3 f4 18. Bf2 Bd7 19. bxa5 g5 20. Nc4 g4 21.
Ne2 gxf3 22. Qxf3 Qg5 23. h3 Bb5 24. Nxd6 Bxe2 25. Qxe2 f3 26. Be3 fxe2 27. Rxf8+ Bxf8 28. Bxg5 Bxd6 29. Kf2 Nc5 30. Kxe2 Nxe4 31. Be3 Rxa5 32. a4 Rxd5 33. Rb1 Nc3+ 0-1

[Event "Late-Titled-Tuesday-Blitz-January-16-2024"]
[Site "Chess.com"]
[Date "2024.01.16"]
[Round "11"]
[White "Hirna2005"]
[Black "miraitrunks"]
[Result "1-0"]
[WhiteElo "2261"]
[BlackElo "2097"]
[TimeControl "180+1"]
[EndTime "16:04:24 PST"]
[Termination "Hirna2005 won by checkmate"]

1. e4 e6 2. d4 d5 3. e5 Qd7 4.
Nf3 b6 5. Be3 Ba6 6. Bxa6 Nxa6 7.
O-O c5 8. c3 Ne7 9. Qe2 c4 10. b3 b5 11. a4 Nf5 12. axb5 Qxb5 13. bxc4 dxc4 14. Nbd2 Nxe3 15. fxe3 Rc8 16. Rfb1 Qc6 17.
Ng5 Be7 18. Qh5 Bxg5 19. Qxg5 O-O 20. Qh4 Rb8 21. Rf1 Nc7 22. Ne4 Rb2 23. Rf3 Nd5 24.
Raf1 h6 25. Nf6+ gxf6 26. Qxh6 Ne7 27. exf6 Ng6 28. Qg7# 1-0

[Event "Late-Titled-Tuesday-Blitz-January-16-2024"]
[Site "Chess.com"]
[Date "2024.01.16"]
[Round "11"]
[White "Sargsyan_Shant"]
[Black "djano"]
[Result "1-0"]
[WhiteElo "2895"]
[BlackElo "2659"]
[TimeControl "180+1"]
[EndTime "16:04:27 PST"]
[Termination "Sargsyan_Shant won by resignation"]

1. c4 Nf6 2. Nc3 d5 3. cxd5 Nxd5 4. g3 g6 5. Bg2 Nxc3 6. bxc3 Bg7 7. h4 h6 8. Nf3 Nd7 9. a4 c5 10. a5 Rb8 11. O-O O-O 12. Qb3 Nf6 13. d3 Be6 14. c4 Qc8 15. Bf4 Nh5 16. Bxb8 Bxa1 17. Bxa7 Bg7 18. Qa3 Bg4 19. Qxc5 Qe6 20. Qe3 Qc8 21.
Bd4 e5 22. Nxe5 Re8 23. Qe4 Bf5 24. Qxb7 Qxb7 25. Bxb7 Bxe5 26. Bxe5 Rxe5 27. Ra1 Rxe2 28. a6 Bxd3 29. a7 Re8 30. c5 Nf6 31. c6 Be4 32. a8=Q 1-0

[Event "Late-Titled-Tuesday-Blitz-January-16-2024"]
[Site "Chess.com"]
[Date "2024.01.16"]
[Round "11"]
[White "giomar27"]
[Black "C_K_G"]
[Result "1-0"]
[WhiteElo "2380"]
[BlackElo "2095"]
[TimeControl "180+1"]
[EndTime "16:04:47 PST"]
[Termination "giomar27 won by resignation"]

1. f3 d5 2. g3 Nf6 3. Nh3 e5 4. Nf2 e4 5. Bg2 Bc5 6. O-O O-O 7. e3 exf3 8. Bxf3 Nc6 9. Nc3 Ne5 10. Bg2 Neg4 11. Nd3 Bd6 12. Nf4 c6 13. b3 Re8 14.
Bb2 Ne4 15. Nxe4 dxe4 16. h3 Nh6 17. Qh5 Nf5 18. Kh2 g6 19. Qe2 Qg5 20. g4 Nh4 21. Rf2 Nf3+ 22. Bxf3 Bxf4+ 23. exf4 Qxf4+ 24. Kg1 Bd7 25. Bg2 Qg3 26. Qe3 Qd6 27. Qh6 f6 28. Rxf6 Qe7 29.
Raf1 e3 30. Rxg6+ 1-0

[Event "Late-Titled-Tuesday-Blitz-January-16-2024"]
[Site "Chess.com"]
[Date "2024.01.16"]
[Round "11"]
[White "Practical-Play"]
[Black "alexrustemov"]
[Result "0-1"]
[WhiteElo "2551"]
[BlackElo "2858"]
[TimeControl "180+1"]
[EndTime "16:04:51 PST"]
[Termination "alexrustemov won by resignation"]

1. e4 e6 2. d4 d5 3. Nc3 dxe4 4. Nxe4 Bd7 5. Nf3 Bc6 6. Bd3 Nd7 7. O-O Ngf6 8. Qe2 Nxe4 9. Bxe4 Bxe4 10. Qxe4 c6 11. Re1 Bd6 12. Ne5 O-O 13. Bf4 Qc7 14. Re3 Rad8 15. Rg3 Nf6 16. Qe2 Kh8 17. Re1 c5 18.
dxc5 Qxc5 19. Rg5 Qc7 20. c4 Nd7 21. Qg4 Nxe5 22. Rgxe5 f6 23. Rxe6 Qxc4 24. b3 Qxf4 0-1

[Event "Late-Titled-Tuesday-Blitz-January-16-2024"]
[Site "Chess.com"]
[Date "2024.01.16"]
[Round "11"]
[White "Viktor_Poddubnyi"]
[Black "babero_gordo"]
[Result "1-0"]
[WhiteElo "2255"]
[BlackElo "1988"]
[TimeControl "180+1"]
[EndTime "16:05:05 PST"]
[Termination "Viktor_Poddubnyi won by resignation"]

1. e4 g6 2. d4 Bg7 3. c4 d6 4.
Nc3 e5 5. Nf3 Nc6 6. dxe5 Nxe5 7. Nxe5 Bxe5 8. Be2 Bg7 9. O-O Ne7 10. f4 Nc6 11. Be3 O-O 12. Bf3 Na5 13. Qd3 Be6 14.
b3 Qf6 15. Rac1 Nc6 16. Nd5 Qd8 17. Rfe1 f5 18. exf5 Bxf5 19. Qd2 Qd7 20. Bf2 Rae8 21. h3 h5 22. Kh2 Ne7 23. Nxe7+ Rxe7 24. Rxe7 Qxe7 25.
Bxb7 Be4 26. Re1 d5 1-0

[Event "Late-Titled-Tuesday-Blitz-January-16-2024"]
[Site "Chess.com"]
[Date "2024.01.16"]
[Round "11"]
[White "sergeikim"]
[Black "RianKapriaga"]
[Result "1-0"]
[WhiteElo "2546"]
[BlackElo "2358"]
[TimeControl "180+1"]
[EndTime "16:05:06 PST"]
[Termination "sergeikim won on time"]

1. d4 Nf6 2. c4 e6 3. Nc3 Bb4 4. Qc2 O-O 5. a3 Bxc3+ 6. Qxc3 b6 7. Nf3 Bb7 8. g3 d6 9. Bg2 Nbd7 10. O-O Qe7 11. b3 Ne4 12. Qc2 f5 13. Ne1 Rae8 14. Nd3 Ba8 15. a4 Ndf6 16. f3 Nxg3 17. hxg3 Nh5 18. Kf2 e5 19. Rh1 Nf6 20. d5 Ne4+ 21. fxe4 fxe4+ 22. Ke1 exd3 23. Qxd3 g6 24. Bh3 Bb7 25.
Be6+ Kh8 26. Qxg6 Qg7 27. Qxg7+ Kxg7 28. Bh6+ Kg6 29. Bxf8 Rxf8 30. Rf1 Re8 31. Bf7+ Kg5 32. Bxe8 Bc8 33. Rf7 1-0

[Event "Late-Titled-Tuesday-Blitz-January-16-2024"]
[Site "Chess.com"]
[Date "2024.01.16"]
[Round "11"]
[White "ritanovikova"]
[Black "Pachonpower"]
[Result "0-1"]
[WhiteElo "2182"]
[BlackElo "2267"]
[TimeControl "180+1"]
[EndTime "16:05:07 PST"]
[Termination "Pachonpower won on time"]

1. e4 e6 2. d4 d5 3. exd5 exd5 4. Bd3 Bd6 5. Nf3 Ne7 6. O-O Nbc6 7. h3 Bf5 8. c3 O-O 9. Bg5 f6 10. Be3 Qd7 11. Bxf5 Nxf5 12. Bd2 Kh8 13. a4 Na5 14. Na3 c6 15. b4 Nc4 16. Nxc4 dxc4 17. Qc2 a6 18.
Ra2 Ne7 19. Be3 Nd5 20. Nd2 b5 21. Rfa1 Bxb4 22. cxb4 Nxb4 23. Qb2 Nxa2 24. Rxa2 Rfb8 25. axb5 cxb5 26. Qb4 Qc7 27. Ne4 a5 28. Qc5 Qxc5 29. dxc5 b4 30. c6 Rc8 31. Bb6 c3 0-1

[Event "Late-Titled-Tuesday-Blitz-January-16-2024"]
[Site "Chess.com"]
[Date "2024.01.16"]
[Round "11"]
[White "th3d4rkness"]
[Black "IraZyne"]
[Result "0-1"]
[WhiteElo "2122"]
[BlackElo "2252"]
[TimeControl "180+1"]
[EndTime "16:05:07 PST"]
[Termination "IraZyne won by resignation"]

1. d4 d5 2. c4 e6 3. Nc3 c6 4. cxd5 exd5 5. Bf4 Nf6 6. e3 Bd6 7. Bxd6 Qxd6 8. Bd3 O-O 9. Nge2 Bg4 10. Qc2 Bh5 11. Nf4 Bg6 12. Bxg6 hxg6 13. h3 Nbd7 14. O-O Rfe8 15. b4 b5 16. Nd3 Nb6 17. Nc5 a5 18.
bxa5 Nc4 19. a4 b4 20. Na2 Reb8 21. Nc1 Rxa5 22. N1b3 Ra7 23. a5 Rba8 24. a6 Ne8 25. Ra4 Nc7 26. Rfa1 Na3 27. Qd2 Nxa6 28. Rxa6 Rxa6 29.
Nxa6 Rxa6 30. Nc5 Rb6 31. Qb2 Nc4 32. Ra8+ Kh7 33. Qb3 Nd2 34. Qb1 Nxb1 0-1

[Event "Late-Titled-Tuesday-Blitz-January-16-2024"]
[Site "Chess.com"]
[Date "2024.01.16"]
[Round "11"]
[White "Njal28"]
[Black "varunkrishnanchess"]
[Result "1-0"]
[WhiteElo "3006"]
[BlackElo "2642"]
[TimeControl "180+1"]
[EndTime "16:05:15 PST"]
[Termination "Njal28 won by resignation"]

1. e4 c5 2. a3 d6 3. b4 Nf6 4. Nc3 g6 5. bxc5 dxc5 6. e5 Nd5 7. Bb5+ Bd7 8. Qf3 Bxb5 9. Nxb5 e6 10. c4 Nb6 11. Qxb7 Qd7 12. Qxd7+ Kxd7 13. d3 Nc6 14. f4 g5 15. Nf3 gxf4 16. Bxf4 Rg8 17. O-O Na4 18. Rab1 Rb8 19. Ng5 a6 20. Ne4 Be7 21.
Nbd6 Nd4 22. Kf2 Nf5 23. Nxf5 exf5 24. e6+ fxe6 25. Rxb8 Rxb8 26. Bxb8 fxe4 27. dxe4 Nb2 28. Ke2 Nxc4 29. Rf7 Nxa3 30. Rxh7 Nb5 31. g4 a5 32. g5 Ke8 33. g6 Nd4+ 34. Kf2 Nc6 35. Rh8+ 1-0

[Event "Late-Titled-Tuesday-Blitz-January-16-2024"]
[Site "Chess.com"]
[Date "2024.01.16"]
[Round "11"]
[White "Rodalquilar"]
[Black "zverr1"]
[Result "1-0"]
[WhiteElo "2733"]
[BlackElo "2514"]
[TimeControl "180+1"]
[EndTime "16:05:19 PST"]
[Termination "Rodalquilar won by checkmate"]

1. d4 Nf6 2. Nf3 g6 3. Bf4 Bg7 4. e3 c5 5. c3 b6 6. h3 Bb7 7.
Nbd2 O-O 8. Be2 d5 9. O-O Nc6 10. Qb3 Na5 11. Qa3 cxd4 12. cxd4 Rc8 13. Rac1 Ne4 14.
b4 Nc6 15. Nb3 a5 16. bxa5 Nxa5 17. Nxa5 bxa5 18. Ne5 f6 19. Nd3 Nd2 20. Rfd1 Nc4 21. Qb3 Rb8 22. Bxb8 Qxb8 23. Nc5 Bc6 24. Ne6 Re8 25.
Qxb8 Rxb8 26. Nxg7 Kxg7 27. Bxc4 dxc4 28. Rxc4 Bd5 29.
Rc5 Bxa2 30. Rxa5 Bc4 31. Ra7 Kf8 32. Rc1 Bd5 33. Rc5 Be6 34. g4 g5 35. Kg2 Bb3 36. Rcc7 Re8 37. e4 Bf7 38. d5 Bg6 39. f3 h5 40. Kf2 hxg4 41. hxg4 Bf7 42. d6 Be6 43.
Rxe7 Ra8 44. Rxa8+ Bc8 45. Rxc8# 1-0

[Event "Late-Titled-Tuesday-Blitz-January-16-2024"]
[Site "Chess.com"]
[Date "2024.01.16"]
[Round "11"]
[White "Angry_Twin"]
[Black "SCIM"]
[Result "1-0"]
[WhiteElo "2976"]
[BlackElo "2620"]
[TimeControl "180+1"]
[EndTime "16:05:20 PST"]
[Termination "Angry_Twin won by resignation"]

1. e4 e5 2. Nf3 Nc6 3. Bc4 Bc5 4. O-O Nf6 5. d3 a6 6. a4 Ba7 7. Re1 h6 8. c3 O-O 9. h3 d6 10. Nbd2 Re8 11. b4 Be6 12. Bxe6 Rxe6 13. Qc2 Ne7 14. Nf1 Ng6 15. Ng3 Qd7 16. c4 c6 17. a5 Rd8 18.
Bd2 Ree8 19. Rad1 Nh7 20. Nf5 Nhf8 21. Qc1 f6 22. Nh2 Ne6 23. g3 Kh7 24. Nf3 Rh8 25. Bxh6 Kg8 26. Be3 Bxe3 27. Qxe3 Ne7 28. Kg2 Nf8 29.
Nxe7+ Qxe7 30. h4 Qd7 31. d4 Qe6 32. dxe5 fxe5 33. c5 Rh6 34. cxd6 Rxd6 35. Qg5 Ng6 36. h5 Ne7 37. Nxe5 Rxd1 38. Rxd1 Qf6 39. Rd8+ 1-0

[Event "Late-Titled-Tuesday-Blitz-January-16-2024"]
[Site "Chess.com"]
[Date "2024.01.16"]
[Round "11"]
[White "AldokhinIvan"]
[Black "vladislavkovalev"]
[Result "0-1"]
[WhiteElo "2592"]
[BlackElo "2841"]
[TimeControl "180+1"]
[EndTime "16:05:23 PST"]
[Termination "vladislavkovalev won on time"]

1. e4 e5 2. Nf3 Nc6 3. Bb5 a6 4. Ba4 Nf6 5. O-O Be7 6. Re1 b5 7. Bb3 d6 8. c3 O-O 9. d4 Bg4 10.
d5 Na5 11. Bc2 Qc8 12. Nbd2 c6 13. h3 Bd7 14. dxc6 Qxc6 15. Nf1 Rfe8 16. Ng3 g6 17. Qe2 Bf8 18. Nh4 Be6 19. Bg5 Bg7 20. Qf3 Nd7 21. Rad1 Nc4 22. Bc1 Bf6 23. Nhf5 gxf5 24. exf5 Qxf3 25.
gxf3 d5 26. fxe6 fxe6 27. Ne4 Kf7 28. b3 Rg8+ 29. Kf1 Ncb6 30. Nxf6 Kxf6 31. Bb2 Rac8 32. Bxh7 Rh8 33. Bb1 Rxh3 34. f4 exf4 35. c4+ e5 36. Ke2 bxc4 37. bxc4 d4 38. Be4 Nc5 0-1